Workbook

Sheet ALQUILER
H2: Owner 1 | J2: Owner 2
G4: APELLIDOS, NOMBRE | H4: Name and Surname | J4: Name and Surname
G5: NIE | H5: number NIE - see https://terretaspain.com/nie/ | J5: number NIE - see https://terretaspain.com/nie/ | R5: 2025
G6: NACIONALIDAD | H6: Nationality | J6: Nationality
G7: FECHA DE NACIMIENTO | H7: Birth date | J7: Birth date | P7: Water | Q7: EMIVASA | R7: =38.12+48.48+55.82+57.08 -> 199.5
G8: LUGAR DE NACIMIENTO | H8: Place where you were born | J8: Place where you were born | P8: Electricity | Q8: LUZ | R8: =54.89+79.57+82.09+113.55+83.55 -> 413.65
G9: DIRECCIÓN | H9: Address of residence | J9: Address of residence | P9: Phone | Q9: TELEFONO | R9: =31.43+38.9+40.9+41.25+40.9+40.4+42.23+43.9 -> 319.91
H10: ZIP Code, City, Country | J10: ZIP Code, City, Country | P10: Property Tax | Q10: IBI | R10: =98.86*8/12 -> 65.906667
P11: Home Insurance | Q11: SEGURO | R11: =245.54*8/12 -> 163.69333
G12: FECHA DE ADQUISICIÓN | H12: Date of acquisition | P12: Amortization property | Q12: AMORTIZACION INMUEBLE | R12: ='AMORTIZACION '!Q27 -> 2587.8584
G13: PRECIO ADQUISICIÓN | H13: 146000 | P13: Amortization renovation | Q13: AMORTIZACION REFORMA | R13: ='AMORTIZACION '!D21 -> 1330.2076
G14: REFERENCIA CASTASTRAL | H14: Find the "referencia catastral" : https://terretaspain.com/reference-cadastrale-espagne/ | P14: Amortization interior design | Q14: AMORTIZACION MUEBLES | R14: ='AMORTIZACION '!K36 -> 898.76965
G15: DIRECCIÓN | H15: Address of the property
H16: ZIP Code, City, Country | P16: Total costs | Q16: TOTAL GASTOS | R16: =SUM(R7:R14) -> 5979.4957
G18: VALOR CASTASTRAL TOTAL | H18: 17091.15
G19: VALOR CASTASTRAL SUELO | H19: 3772.78
G20: VALOR CATASTRAL VUELO | H20: =H18-H19 -> 13318.37
G23: AÑO | H23: VALOR CATASTRAL | I23: REVISADO | J23: DÍAS | K23: TITULARIDAD | L23: BASE IMPONIBLE | M23: TIPO GRAVAMEN | N23: CUOTA LÍQUIDA
F25: Owner 1 | G25: 2023 | H25: =H18 -> 17091.15 | I25: NO | J25: 27 | K25: 0.5 | L25: =H25*2%*(J25/365)*K25 -> 12.642768 | M25: 0.19 | N25: =L25*M25 -> 2.402126
F26: Owner 2 | G26: 2023 | H26: =H18 -> 17091.15 | I26: NO | J26: 27 | K26: 0.5 | L26: =H26*2%*(J26/365)*K26 -> 12.642768 | M26: 0.19 | N26: =L26*M26 -> 2.402126
F27: Owner 1 | G27: 2024 | H27: =H18 -> 17091.15 | I27: NO | J27: 366 | K27: 0.5 | L27: =H27*2%*K27 -> 170.9115 | M27: 0.19 | N27: =L27*M27 -> 32.473185
F28: Owner 2 | G28: 2024 | H28: =H18 -> 17091.15 | I28: NO | J28: 366 | K28: 0.5 | L28: =H28*2%*K28 -> 170.9115 | M28: 0.19 | N28: =L28*M28 -> 32.473185
G31: EJERCICIO | H31: INGRESOS | I31: GASTOS | J31: BASE IMPONIBLE | K31: BASE IMPONIBLE | L31: TITULARIDAD | M31: TIPO DE GRAVAMEN | N31: CUOTA LIQUIDA
A33: Owner 1 | B33: Days the property was rented | C33: DIAS ALQULADO | D33: =F33-E33 -> 244 | E33: 45778 | F33: 46022 | G33: 2025 | H33: 21784.22 | I33: =R16 -> 5979.4957 | K33: =H33-I33 -> 15804.724 | L33: 0.5 | M33: 0.19 | N33: =K33*M33*0.5 -> 1501.4488
A34: Owner 2 | B34: Days the property was rented | C34: DIAS ALQULADO | D34: =F34-E34 -> 244 | E34: 45778 | F34: 46022 | G34: 2025 | H34: 21784.22 | I34: =I33 -> 5979.4957 | K34: =H34-I34 -> 15804.724 | L34: 0.5 | M34: 0.19 | N34: =K34*M34*0.5 -> 1501.4488
A36: Owner 1 | B36: Days the property was not rented | C36: DIAS NO ALQUILADO | D36: 121 | E36: 45658 | F36: 45777 | G36: 2025 | H36: =H28 -> 17091.15 | I36: NO | J36: =D36 -> 121 | K36: =H36*0.02*121/365 -> 113.31667 | L36: 0.5 | M36: 0.19 | N36: =K36*L36*M36 -> 10.765083
A37: Owner 2 | B37: Days the property was not rented | C37: DIAS NO ALQUILADO | D37: 121 | E37: 45658 | F37: 45777 | G37: 2025 | H37: =H36 -> 17091.15 | I37: NO | J37: =D37 -> 121 | K37: =H37*0.02*121/365 -> 113.31667 | L37: 0.5 | M37: 0.19 | N37: =N36 -> 10.765083
N39: =N33+N34+N36+N37 -> 3024.4278

Sheet AMORTIZACION 
C5: 45302 | D5: 6/000002 | E5: FACTURA DEMOLICIÓN | F5: 3282.64 | J5: 45734 | K5: IKEA IBERICA SA | L5: SILLA | M5: 15.97 | P5: FECHA DE ADQUISICIÓN | Q5: Date of Acquisition
C6: 45322 | D6: 6/000030 | E6: FACTURA DEMOLICIÓN | F6: 3282.64 | J6: 45598 | K6: MAX COLCHON | L6: FUNDA COLCHON | M6: 43.47 | P6: PRECIO ADQUISICIÓN | Q6: =146000 -> 146000
C7: 45490 | D7: FV305 | E7: PAVIMENTOS VILLAREAL | F7: 106.48 | J7: 45623 | K7: AMAZON | L7: MARCO DE LA CAMA | M7: 65.9 | P7: REFERENCIA CASTASTRAL | Q7: Referencia catastral
C8: 45553 | D8: FV 401 | E8: PAVIMENTOS VILLAREAL | F8: 163.76 | J8: 45623 | K8: AMAZON | L8: MARCO DE LA CAMA | M8: 65.9 | P8: DIRECCIÓN | Q8: Address of the property
C9: 45503 | D9: 798-24 | E9: PARQUETS | F9: 226.51 | J9: 45623 | K9: AMAZON | L9: MARCO DE LA CAMA | M9: 65.9 | Q9: ZIP code, city, country
E10: ICIO | F10: 1693.62 | J10: 45597 | K10: LEROY MERLIN | M10: 68.14
C11: 45457 | D11: 594-24 | E11: PARQUETS | F11: 2142.43 | J11: 45664 | K11: AMAZON | L11: ESTRUCTURA DE CAMA CON PLATAFORMA | M11: 90.13 | P11: VALOR CASTASTRAL TOTAL | Q11: 17091.15 | R11: 1
C12: 45478 | D12: FV285 | E12: PAVIMENTOS VILLAREAL | F12: 2225.95 | J12: 45598 | K12: MAX COLCHON | L12: FUNDA NORDICA | M12: 94.58 | P12: VALOR CASTASTRAL SUELO | Q12: 3772.78 | R12: =Q12/Q11 -> 0.22074465
C13: 45471 | D13: 169/24 | E13: REFORMA | F13: 2873.75 | J13: 45598 | K13: CONFORAMA | L13: COLCHON | M13: 159 | P13: VALOR CATASTRAL VUELO | Q13: =Q11-Q12 -> 13318.37 | R13: =Q13/Q11 -> 0.77925535
C14: 45534 | D14: 219/24 | E14: REFORMA | F14: 15858.47 | J14: 45605 | K14: CONFORAMA | L14: COLCHON | M14: 159
C15: 45502 | D15: 199/24 | E15: REFORMA | F15: 34472.41 | J15: 45605 | K15: CONFORAMA | L15: COLCHON | M15: 159
J16: 45505 | K16: ERIZHO | L16: LAMPARA | M16: 302.16 | P16: PRECIO DE ADQUISICIÓN | Q16: =Q6 -> 146000
C17: IMPORTE A AMORTIZAR | E17: TOTAL | F17: =SUM(F5:F15) -> 66328.66 | J17: 45593 | K17: CONFORAMA | L17: COLCHON | M17: 159 | P17: TPO | Q17: =Q16*0.1 -> 14600
K18: CONFORAMA | L18: COLCHON | M18: 318 | P18: INMOBILIARIA | Q18: =2496.6*2 -> 4993.2
C19: EJERCICIO | D19: ANUALIDAD | E19: AMORT. ACUMULADA | J19: 45463 | K19: LEROY MERLIN | M19: 346.16
J20: 45608 | K20: SKLUM | L20: DECORACIÓN | M20: 355.68 | P20: PRECIO DE ADQUISICIÓN | Q20: =Q16+Q17+Q18 -> 165593.2
C21: 2025 | D21: =F17*0.03*ALQUILER!D33/365 -> 1330.2076 | E21: =D21 -> 1330.2076 | J21: 45662 | K21: SKLUM | L21: MENAJE HOGAR | M21: 438.03
C22: 2026 | D22: =F17*0.03 -> 1989.8598 | E22: =E21+D22 -> 3320.0674 | J22: 45621 | K22: IKEA IBERICA SA | L22: IKEA | M22: 469.9 | P22: IMPORTE A AMORTIZAR | Q22: ='AMORTIZACION '!Q20*'AMORTIZACION '!Q13/'AMORTIZACION '!Q11 -> 129039.39
K23: SKLUM | L23: TABURETES | M23: 537.04
J24: 45646 | K24: SKLUM | L24: ESPEJO - ESCRITORIO | M24: 776.89
K25: SKLUM | L25: SET DE JADINERIA | M25: 889.86 | P25: EJERCICIO | Q25: ANUALIDAD | R25: AMORT. ACUMULADA
J26: 45365 | K26: ARCHITECTS | L26: ASESORAMIENTO DE DISEÑO | M26: 1573
J27: 45433 | K27: ARCHITECTS | L27: ASESORAMIENTO DE DISEÑO | M27: 1966.25 | P27: 2025 | Q27: =Q22*0.03*ALQUILER!D33/365 -> 2587.8584 | R27: =Q27 -> 2587.8584
J28: 45590 | K28: ARCHITECTS | L28: ASESORAMIENTO DE DISEÑO | M28: 1966.25 | P28: 2026 | Q28: =Q22*0.03 -> 3871.1816 | R28: =R27+Q28 -> 6459.04
J29: 45539 | K29: ARCHITECTS | L29: ASESORAMIENTO DE DISEÑO | M29: 2359.5
M31: =SUM(M5:M29) -> 13444.71
J34: EJERCICIO | K34: ANUALIDAD | L34: AMORT. ACUMULADAD
J36: 2025 | K36: =M31*0.1*ALQUILER!D33/365 -> 898.76965 | L36: =K36 -> 898.76965
J37: 2026 | K37: =M31*0.1 -> 1344.471 | L37: =K37+L36 -> 2243.2407
